 Dungeon Crawl Stone Soup version 0.21.1-1-g345015fe64 (webtiles) character file.

350 HivePlant the Gusty (level 6, -5/32 HPs)
             Began as a Tengu Air Elementalist on July 8, 2018.
             Slain by an ogre
             ... wielding a +0 giant spiked club
              (25 damage)
             ... on level 3 of the Dungeon.
             The game lasted 00:29:43 (4566 turns).

HivePlant the Gusty (Tengu Air Elementalist)        Turns: 4566, Time: 00:29:43

Health: -5/32      AC:  2    Str:  8    XL:     6   Next: 61%
Magic:  10/12      EV: 12    Int: 18    God:
Gold:   149        SH:  0    Dex: 14    Spells: 7/12 levels left

rFire    . . .     SeeInvis .   g - +0 whip
rCold    . . .     Gourm    .   (no shield)
rNeg     . . .     Faith    .   a - +0 robe
rPois    .         Spirit   .   (helmet restricted)
rElec    .         Reflect  .   (no cloak)
rCorr    .         Harm     .   (no gloves)
MR       .....                  (boots unavailable)
Stlth    ++........             (no amulet)
HPRegen  0.10/turn              (no ring)
MPRegen  0.13/turn              (no ring)

@: no status effects
A: beak, talons 3, able to fly 1
a: Fly


You were on level 3 of the Dungeon.
You were hungry.

You visited 1 branch of the dungeon, and saw 4 of its levels.

You collected 149 gold pieces.

Inventory:

Hand Weapons
 g - a +0 whip (weapon)
Armour
 a - a +0 robe (worn)
Jewellery
 y - a +2 ring of dexterity {unknown}
Wands
 w - a wand of scattershot (8)
Scrolls
 d - 2 scrolls of immolation {unknown}
 e - 9 scrolls of identify {unknown}
 j - a scroll of amnesia {unknown}
 k - 3 scrolls of random uselessness {unknown}
 l - 4 scrolls of remove curse {unknown}
 p - 3 scrolls of fog {unknown}
 q - a scroll of enchant armour {unknown}
 t - a scroll of enchant weapon {unknown}
 u - a scroll of teleportation {unknown}
Potions
 f - 3 potions of haste {unknown}
 h - a potion of cancellation {unknown}
 i - a potion of lignification {unknown}
 m - a potion of heal wounds {unknown}
 n - a potion of flight {unknown}
 r - a potion of agility {unknown}
 s - a potion of might {unknown}
 v - a potion of brilliance {unknown}
Books
 b - a book of Air

   Spells                             Type                      Level
   a - Shock                          Conjuration/Air              1
   b - Swiftness                      Charms/Air                   2
   c - Static Discharge               Conjuration/Air              3
   d - Airstrike                      Air                          4
   e - Lightning Bolt                 Conjuration/Air              5
 o - a book of Misfortune

   Spells                             Type                      Level
   a - Confusing Touch                Hexes                        1
   b - Confuse                        Hexes                        3
   c - Gell's Gravitas                Translocation                3
   d - Petrify                        Transmutation/Earth          4
   e - Metabolic Englaciation         Hexes/Ice                    5
   f - Yara's Violent Unravelling     Hexes/Transmutation          5
 x - a book of Maledictions

   Spells                             Type                      Level
   a - Corona                         Hexes                        1
   b - Ensorcelled Hibernation        Hexes/Ice                    2
   c - Confuse                        Hexes                        3
   d - Tukima's Dance                 Hexes                        3
   e - Dazzling Spray                 Conjuration/Hexes            3
Comestibles
 c - 10 rations
 z - 2 chunks of flesh


   Skills:
 + Level 0.1 Fighting
 + Level 2.2 Dodging
 - Level 2.0 Stealth
 + Level 3.7 Spellcasting
 + Level 5.1 Conjurations
 + Level 6.4 Air Magic


You had 7 spell levels left.
You knew the following spells:

 Your Spells              Type           Power        Failure   Level  Hunger
a - Shock                 Conj/Air       ###.         1%          1    None
b - Airstrike             Air            ####......   11%         4    ####...


Dungeon Overview and Level Annotations

Branches:
Dungeon (4/15)
 Temple: D:4-7

Altars:
Ru
Uskayaw


Innate Abilities, Weirdness & Mutations

You have a beak for a mouth.
You have claws for feet.
You can fly.


Message History

Confirm with . or Enter, or press ? or * to list all spells.
Aiming: Shock
Press: ? - help, Shift-Dir - straight line
Okay, then.
Casting: Shock
Confirm with . or Enter, or press ? or * to list all spells.
Aiming: Shock
Press: ? - help, Shift-Dir - straight line, f - ogre
Aim: an ogre, wielding a giant spiked club (severely wounded)
Okay, then.
Casting: Shock
Confirm with . or Enter, or press ? or * to list all spells.
Aiming: Shock
Press: ? - help, Shift-Dir - straight line, f - ogre
Aim: an ogre, wielding a giant spiked club (severely wounded)
The zap hits the ogre.
The ogre is almost dead.
The ogre hits you with a giant spiked club!!
Ouch! That really hurt!
You die...

### ### ###8###_###
###8...8...8###
####......@.[####
#.#>.....?O?.8#.# #
#.##.........##.# ###
#.##8...8...8##.#########.(
##.####8###_####.........).#
#..#############.....#######
#....# #........##### #....#
########.########## #...)#
#..##......#


You could see an ogre.

Vanquished Creatures
  A crimson imp (D:2)
  A hound (D:4)
  An orc wizard (D:3)
  Terence (D:3)
  A worker ant (D:3)
  Robin (D:2)
  5 adders
  3 gnolls (D:3)
  2 worms
  3 dart slugs
  6 leopard geckos
  9 orcs
  A ball python (D:2)
  3 giant cockroaches
  14 goblins
  6 hobgoblins
  10 jackals
  9 kobolds
  2 quokkas (D:4)
  11 bats
  3 frilled lizards (D:1)
  A leopard gecko skeleton (D:4)
  A quokka skeleton (D:4)
  6 rats
101 creatures vanquished.

Notes
Turn   | Place    | Note
-------+----------+-------------------------------------------
     0 | D:1      | HivePlant the Tengu Air Elementalist began the quest for the Orb.
     0 | D:1      | Reached XP level 1. HP: 10/10 MP: 4/4
   233 | D:1      | Reached XP level 2. HP: 15/15 MP: 0/6
   731 | D:1      | Reached XP level 3. HP: 19/19 MP: 1/7
  1542 | D:2      | Noticed Robin
  1761 | D:2      | Reached XP level 4. HP: 24/24 MP: 1/9
  2000 | D:2      | Reached skill level 5 in Air Magic
  2302 | D:2      | Gained mutation: You can fly. [Tengu growth]
  2302 | D:2      | Reached XP level 5. HP: 28/28 MP: 3/10
  2370 | D:2      | Killed Robin
  2921 | D:3      | Noticed Terence
  2929 | D:3      | Killed Terence
  3076 | D:3      | Reached skill level 6 in Air Magic
  3076 | D:3      | Reached XP level 6. HP: 24/32 MP: 6/12
  3265 | D:3      | Found a sacrificial altar of Ru.
  3953 | D:4      | Reached skill level 5 in Conjurations
  4002 | D:4      | Learned a level 4 spell: Airstrike
  4552 | D:3      | Found a hide-covered altar of Uskayaw.
  4566 | D:3      | Slain by an ogre

Skill      XL: |  1  2  3  4  5  6 |
---------------+-------------------+-----
Conjurations   | 2 3 4 5 |  5.1
Spellcasting   | 3 |  3.7
Air Magic      | 5 6 |  6.4
Fighting       | |  0.1
Dodging        | |  2.2
Stealth        | |  2.0

Action                   |  1- 3 |  4- 6 || total
-------------------------+-------+-------++-------
Melee: Whip              |     8 |       ||     8
       Kick              |     4 |       ||     4
 Cast: Shock             |    77 |   158 ||   235
  Eat: Chunk             |     1 |     7 ||     8
       Ration            |     1 |       ||     1
Armor: Robe              |     7 |     6 ||    13
Dodge: Dodged            |    20 |    14 ||    34
